Map: At Eternity's Edge LE

Players

Reavers

  • Race: Terran Terran
  • League: Diamond

IA (très facile)

  • Race: Protoss Protoss

VOD

Have the link to the VOD?

Description

Time

  • Played on: Oct. 23, 2026, 6:33 p.m.
  • Length: 8:59
Show
View Real Time Build Order
Export as new Build Order

Reavers Terran 

Build Orders: Reaper Expand 

Get SALT Encoding   

  12  0:00  SCV  
  13  0:12  SCV  
  14  0:17  Supply Depot  
  14  0:25  SCV  
  15  0:38  SCV  
  15  0:40  Barracks  
  16  0:45  Refinery  
  16  0:50  SCV  
  17  1:03  SCV  
  18  1:15  SCV  
  19  1:27  Reaper  
  19  1:31  Orbital Command  
  20  1:42  Command Center  
  20  1:54  Refinery  
  20  1:56  SCV  
  20  1:58  Supply Depot  
  20  2:01  Barracks Tech Lab  
  22  2:20  SCV  
  22  2:24  Marauder  
  22  2:29  Stimpack  
  24  2:33  SCV  
  25  2:45  SCV  
  25  2:46  Marauder  
  25  2:47  Supply Depot  
  28  2:55  Orbital Command  
  28  2:57  SCV  
  29  3:07  Marauder  
  29  3:09  SCV  
  32  3:13  Barracks  
  32  3:16  Barracks  
  32  3:20  Ghost Academy  
  32  3:29  Marauder  
  32  3:32  SCV  
  32  3:33  SCV  
  36  3:44  SCV  
  36  3:45  SCV  
  38  3:54  Ghost  
  40  3:56  SCV  
  40  3:57  SCV  
  40  4:00  Barracks Tech Lab  
  40  4:02  Barracks Tech Lab  
  42  4:09  Concussive Shells, SCV  
  43  4:10  Personal Cloaking  
  43  4:18  SCV  
  43  4:21  Marauder x2, SCV  
  49  4:27  Ghost  
  49  4:30  SCV  
  52  4:31  Refinery  
  52  4:33  Refinery, SCV  
  53  4:38  Supply Depot  
  53  4:42  SCV  
  54  4:51  Supply Depot  
  54  4:59  Ghost  
  54  5:00  SCV x2, Marauder  
  54  5:01  Marauder  
  62  5:10  Supply Depot  
  62  5:12  SCV x2  
  64  5:21  Ghost  
  64  5:22  Marauder  
  64  5:24  SCV x2  
  70  5:32  Marauder  
  72  5:37  SCV x2  
  74  5:43  Marauder  
  74  5:49  SCV x2  
Show
View Real Time Build Order
Export as new Build Order

IA (très facile) Protoss 

Build Orders:  

Get SALT Encoding   

  12  0:00  Probe  
  13  0:13  Probe  
  14  0:20  Pylon  
  14  0:36  Assimilator  
  14  0:43  Gateway  
  14  0:47  Pylon  
  14  1:14  Assimilator  
  14  1:17  Probe  
  14  1:25  Probe  
  16  1:33  Probe  
  16  1:35  Cybernetics Core  
  17  1:44  Probe  
  18  1:56  Probe  
  18  2:01  Warp Gate  
  19  2:04  Probe  
  20  2:11  Stalker  
  22  5:17  Zealot  
  22  5:18  Pylon, Probe  
  25  5:21  Robotics Facility  
  25  5:29  Probe  
  25  5:37  Probe  
  24  5:45  Probe  
  25  5:57  Probe  
  26  6:04  Pylon  
  26  6:09  Probe  
  29  6:17  Robotics Facility  
  25  6:19  Probe  
  22  6:27  Probe  
  1  7:36  Pylon  
Tags
 
Add a new tag
Caveats
  • Supply blocks, unpowered buildings, or Contaminate may cause inaccurate times.
  • Supply counts are checked every 10 seconds.